 Dungeon Crawl Stone Soup version 0.19.4-8-ga85b6b9 (webtiles) character file.

6783 graki42 the Blocker (level 11, -10/111 HPs)
             Began as a Halfling Fighter on Feb 13, 2017.
             Was an Elder of Okawaru.
             Mangled by a komodo dragon (18 damage)
             ... on level 1 of the Lair of Beasts on Feb 14, 2017.
             The game lasted 00:39:40 (9194 turns).

graki42 the Blocker (Halfling Fighter)              Turns: 9194, Time: 00:39:41

Health: -10/111    AC: 25    Str: 18    XL:     11   Next: 25%
Magic:  0/15       EV:  3    Int:  8    God:    Okawaru [****..]
Gold:   492        SH:  7    Dex: 15    Spells: 0 memorised, 10 levels left

rFire  . . .     SeeInvis .     a - +0 long sword
rCold  + + .     Gourm    .     (armour currently unavailable)
rNeg   + + +     Faith    .     G - +0 buckler of Vuashru {rC+}
rPois  +         Spirit   +     (helmet currently unavailable)
rElec  .         Reflect  .     (cloak currently unavailable)
rCorr  .         Harm     .     (gloves currently unavailable)
MR     .....     NoTele   +     (boots currently unavailable)
Stlth  ++........               m - amulet of guardian spirit
                                (no ring)
                                u - ring of protection from cold

@: lethally poisoned (-10 -> -11), tree-form
A: mutation resistance 1
a: Heroism, Renounce Religion


You were on level 1 of the Lair of Beasts.
You worshipped Okawaru.
Okawaru was greatly pleased with you.
You were not hungry.
You were a tree.
You visited 3 branches of the dungeon, and saw 11 of its levels.
You also visited: Ossuary.

You collected 492 gold pieces.

Inventory:

Hand Weapons
 a - a +0 long sword (weapon)
 o - a +2 short sword of speed
 t - a +0 short sword of venom
 E - a +3 dagger of venom
Armour
 b - a +0 scale mail (melded)
 c - a +1 shield
 A - a +0 cloak (melded)
 B - a +0 pair of boots (melded)
 G - the +0 buckler of Vuashru (worn) {rC+}
   (You found it on level 4 of the Dungeon)

   It protects you from cold.
 J - a +0 pair of gloves (melded)
Jewellery
 m - an amulet of guardian spirit (around neck)
 u - a ring of protection from cold (left branch)
 H - an uncursed ring of protection from magic {unknown}
Wands
 Z - a wand of polymorph (7/24)
Scrolls
 e - a scroll of noise {unknown}
 g - 5 scrolls of teleportation {unknown}
 h - 3 scrolls of remove curse
 n - 5 scrolls of immolation
 p - 4 scrolls of amnesia {unknown}
 x - 4 scrolls of fear {unknown}
 y - 3 scrolls of magic mapping
 K - a scroll of identify
 M - a scroll of holy word {unknown}
 O - a scroll of fog {unknown}
 P - a scroll of torment {unknown}
 R - a scroll of vulnerability {unknown}
 V - 2 scrolls of enchant weapon {unknown}
Potions
 d - 3 potions of might
 k - 2 potions of heal wounds
 l - 6 potions of flight
 r - 2 potions of resistance
 s - 3 potions of cancellation
 v - 3 potions of magic {unknown}
 C - 2 potions of curing {unknown}
 I - a potion of lignification
 L - a potion of agility
 N - 4 potions of degeneration {unknown}
 Y - a potion of ambrosia {unknown}
Books
 U - a book of Power

   Spells                             Type                      Level
   a - Fulminant Prism                Conjuration/Hexes            4
   b - Iskenderun's Mystic Blast      Conjuration                  4
   c - Venom Bolt                     Conjuration/Poison           5
   d - Bolt of Magma                  Conjuration/Fire/Earth       5
   e - Iron Shot                      Conjuration/Earth            6
   f - Orb of Destruction             Conjuration                  7
   g - Spellforged Servitor           Conjuration/Summoning        7
Comestibles
 f - 5 bread rations
 i - 9 meat rations
 j - 2 royal jellies
 q - 3 chunks of flesh
 w - a slice of pizza
 F - 3 beef jerkies


   Skills:
 + Level 6.4 Fighting
 + Level 8.0(9.6) Short Blades
 + Level 6.7(8.0) Long Blades
 + Level 7.2 Armour
 + Level 5.1 Dodging
 + Level 1.0 Stealth
 + Level 8.6 Shields
 * Level 6.0 Invocations
 + Level 0.4 Evocations


You had 10 spell levels left.
You didn't know any spells.

Dungeon Overview and Level Annotations

Branches:
Dungeon (9/15)             Temple (1/1) D:5            Lair (1/6) D:8
    Orc (0/2) D:9

Altars:
Ashenzari
Cheibriados
Dithmenos
Elyvilon
Fedhas
Gozag
Hepliaklqana
Kikubaaqudgha
Makhleb
Nemelex Xobeh
Okawaru
Qazlal
Ru
Sif Muna
Trog
Uskayaw
Vehumet
Xom
Yredelemnul
Zin
The Shining One

Annotations:
D:9 Gastronok


Innate Abilities, Weirdness & Mutations

You are small and have problems with some larger weapons.
You are somewhat resistant to further mutation.


Message History

Your roots penetrate the ground.
The komodo dragon bites you but does no damage.
You hit the komodo dragon.
The komodo dragon is severely wounded.
You feel like a meek peon again. You block the komodo dragon's attack.
You hit the komodo dragon but do no damage.
The komodo dragon is severely wounded.
You feel sick. You block the komodo dragon's attack.
You hit the komodo dragon but do no damage.
The komodo dragon is severely wounded.
The komodo dragon bites you.
* * * LOW HITPOINT WARNING * * *
You barely miss the komodo dragon.
The komodo dragon is severely wounded.
The komodo dragon bites you but does no damage.
You barely miss the komodo dragon.
The komodo dragon is severely wounded.
The komodo dragon bites you!!
You die...

##.......# ##.##...#
##..#.....# ......#.#
#.........#####..###l#.##
#...#...#.......# #......
#....#.........## #......
#.##..........#####......
#...#..#...##...[........
#....../"\..#l...####....
#......?♣#...#...#....#..
##.....l†.#..#....#......
####......#..F.......#..
##..#...÷.....#....###
#..........)####...#
#♣.........## #####
##..P#..#.# ≈≈≈≈P≈....#
≈≈P≈≈≈......


You could see a komodo dragon.

Vanquished Creatures
  Maurice (D:8)
  2 spiny frogs (Lair:1)
  A troll (D:7)
  2 hippogriffs
  Prince Ribbit (D:7)
  A yak (D:9)
  Grum (D:9)
  3 orc warriors
  4 sky beasts
  4 ice beasts
  A black bear (D:8)
  A hornet zombie (D:7)
  A phantom (D:5)
  3 ogres
  2 centaurs
  3 wolves (D:9)
  The ghost of Oerse the Vandal, an amateur HaHu (D:3)
  A crocodile (Lair:1)
  2 elf zombies (D:8)
  2 big kobolds (D:8)
  7 bullfrogs
  A water moccasin zombie (D:7)
  2 elf skeletons (D:8)
  A scorpion (D:5)
  4 howler monkeys
  5 crimson imps
  A centaur zombie (D:8)
  4 jellies
  An orc priest (D:8)
  2 bullfrog skeletons
  7 hounds
  8 orc wizards
  9 worker ants
  Natasha (D:2)
  A killer bee zombie (D:8)
  2 hound zombies
  13 mummies (Ossuary)
  A killer bee simulacrum (D:9)
  A howler monkey zombie (D:5)
  5 adders
  2 hound simulacra (D:9)
  3 shadow imps
  4 white imps
  2 ufetubi (D:8)
  2 adder zombies (D:7)
  An adder skeleton (D:4)
  A worm (D:2)
  4 dart slugs
  An adder simulacrum (D:9)
  3 leopard geckos
  32 orcs
  5 bats
  3 giant cockroaches
  17 goblins
  5 hobgoblins
  2 iguanas
  16 jackals
  3 quokkas
  5 frilled lizards
  A gnoll skeleton (Ossuary)
  2 goblin skeletons (Ossuary)
  12 kobolds
  4 kobold skeletons (Ossuary)
  2 orc skeletons
  An orc zombie (D:8)
  A quokka skeleton (D:4)
  8 rats
  11 rat skeletons (Ossuary)
  A fungus (D:8)
267 creatures vanquished.

Vanquished Creatures (others)
  10 fungi (D:8)
  A plant (D:8)
11 creatures vanquished.

Grand Total: 278 creatures vanquished

Notes
Turn   | Place    | Note
-------+----------+-------------------------------------------
     0 | D:1      | graki42 the Halfling Fighter began the quest for the Orb.
     0 | D:1      | Reached XP level 1. HP: 15/15 MP: 1/1
    60 | D:1      | Reached XP level 2. HP: 17/20 MP: 2/2
   266 | D:1      | Reached XP level 3. HP: 9/25 MP: 3/3
   973 | D:2      | Noticed Natasha
   978 | D:2      | Killed Natasha
   978 | D:2      | Reached XP level 4. HP: 21/31 MP: 2/4
  1569 | D:2      | Found a shimmering altar of Xom.
  1644 | D:2      | Reached skill level 1 in Dodging
  1644 | D:2      | Reached XP level 5. HP: 32/36 MP: 3/5
  2116 | D:3      | Noticed an ogre
  2129 | D:3      | Killed an ogre
  2129 | D:3      | Reached skill level 1 in Short Blades
  2129 | D:3      | Reached XP level 6. HP: 21/42 MP: 2/6
  2334 | D:3      | Noticed Oerse's ghost (amateur HaHu)
  2363 | D:3      | Killed Oerse's ghost
  2580 | D:3      | Reached XP level 7. HP: 45/47 MP: 7/7
  2858 | D:4      | Reached skill level 5 in Shields
  3260 | D:4      | Got a scorched buckler
  3271 | D:4      | Identified the cursed +0 buckler of Vuashru {rC+} (You found it on level 4 of the Dungeon)
  3380 | D:5      | Entered Level 5 of the Dungeon
  3447 | D:5      | Found Vutal's Food Shoppe.
  3545 | D:5      | Reached XP level 8. HP: 51/54 MP: 8/8
  3581 | D:5      | Reached skill level 5 in Armour
  3957 | D:5      | Found a staircase to the Ecumenical Temple.
  3967 | Temple   | Entered the Ecumenical Temple
  4228 | Temple   | Became a worshipper of Warmaster Okawaru
  4608 | D:6      | Reached skill level 5 in Short Blades
  4637 | D:6      | Reached XP level 9. HP: 45/59 MP: 7/9
  5028 | D:6      | Noticed a hippogriff
  5049 | D:6      | Killed a hippogriff
  5049 | D:6      | Reached * piety under Okawaru
  5049 | D:6      | Reached skill level 1 in Invocations
  5355 | D:7      | Reached skill level 5 in Fighting
  5527 | D:7      | Noticed Prince Ribbit
  5551 | D:7      | Killed Prince Ribbit
  5795 | D:7      | Reached skill level 5 in Long Blades
  5917 | D:7      | Noticed a troll
  5935 | D:7      | Killed a troll
  5935 | D:7      | Reached ** piety under Okawaru
  6094 | D:8      | Reached XP level 10. HP: 57/66 MP: 10/12
  6178 | D:8      | Found a sand-covered staircase.
  6205 | Ossuary  | Entered an ossuary
  6962 | D:8      | Found a staircase to the Lair.
  7622 | Lair:1   | Entered Level 1 of the Lair of Beasts
  7713 | Lair:1   | Noticed a spiny frog
  7714 | Lair:1   | Noticed a spiny frog
  7714 | Lair:1   | Noticed a komodo dragon
  8066 | D:9      | Noticed Maurice
  8088 | D:8      | Reached *** piety under Okawaru
  8121 | D:8      | Killed Maurice
  8121 | D:8      | Reached skill level 5 in Invocations
  8546 | D:9      | Reached XP level 11. HP: 47/72 MP: 13/15
  8584 | D:9      | Reached **** piety under Okawaru
  8687 | D:9      | Found a staircase to the Orcish Mines.
  8728 | D:9      | Noticed Grum
  8758 | D:9      | Killed Grum
  8857 | D:9      | Noticed Gastronok
  9135 | D:8      | Reached skill level 1 in Stealth
  9171 | Lair:1   | Reached skill level 5 in Dodging
  9194 | Lair:1   | Mangled by a komodo dragon

Skill      XL: |  1  2  3  4  5  6  7  8  9 10 11 |
---------------+----------------------------------+-----
Shields        | 4 5 6 7 8 |  8.6
Fighting       | 3 4 5 6 |  6.4
Armour         | 4 5 6 7 |  7.2
Dodging        | 1 2 3 4 5 |  5.1
Long Blades    | 3 4 5 6 |  6.7
Short Blades   | 1 2 3 5 7 8 |  8.0
Invocations    | 3 5 6 |  6.0
Stealth        | 1 |  1.0
Evocations     | |  0.4

Action                   |  1- 3 |  4- 6 |  7- 9 | 10-12 || total
-------------------------+-------+-------+-------+-------++-------
Melee: Long sword        |    95 |    61 |    51 |   435 ||   642
       Short sword       |       |    69 |   424 |   254 ||   747
       Dagger            |       |       |       |    50 ||    50
Invok: Heroism           |       |       |     2 |     7 ||     9
Evoke: Rod               |       |       |     2 |       ||     2
       Wand              |       |       |       |     1 ||     1
  Use: Potion            |       |     2 |     2 |     5 ||     9
       Scroll            |       |       |    10 |     3 ||    13
 Stab: Invisible         |       |       |       |     1 ||     1
  Eat: Chunk             |       |     5 |    11 |     9 ||    25
       Fruit             |       |       |     2 |     3 ||     5
Armor: Scale mail        |    46 |    24 |   117 |   162 ||   349
       Skin              |       |    13 |     1 |     2 ||    16
Dodge: Dodged            |    38 |    30 |   145 |   314 ||   527
Block: Shield            |    57 |    53 |   207 |   190 ||   507
       Buckler           |       |       |       |   101 ||   101
       Rpst.: Long sword |    12 |     7 |     5 |    54 ||    78
